 Dungeon Crawl Stone Soup version 0.21.1-1-g345015fe64 (webtiles) character file.

192996 Lennu the Hoplite (level 17, 32/156 HPs)
             Began as a Minotaur Fighter on May 25, 2018.
             Was the Champion of Trog.
             Quit the game on level 2 of the Shoals.
             The game lasted 02:05:02 (33357 turns).

Lennu the Hoplite (Minotaur Fighter)               Turns: 33357, Time: 02:05:03

Health: 32/156     AC: 27    Str: 22 (23) XL:     17   Next: 63%
Magic:  16/16      EV: 18    Int:  5      God:    Trog [******]
Gold:   1471       SH: 25    Dex: 13 (15) Spells: 16/16 levels left

rFire    + . .     SeeInvis .   u - +1 demon whip (flame)
rCold    + + .     Gourm    .   q - +1 large shield {rC+}
rNeg     + . .     Faith    .   B - +3 plate armour {rN+}
rPois    +         Spirit   .   (helmet restricted)
rElec    +         Reflect  .   k - +2 cloak
rCorr    .         Harm     .   Y - +0 pair of gloves {archery}
MR       +....     Clarity  +   S - +0 pair of boots
Stlth    ..........             i - amulet of magic regeneration
HPRegen  0.36/turn              O - +6 ring of evasion
MPRegen  0.40/turn              y - ring "Zelitaff" {*Drain +Inv rElec rF+ rC+}

@: berserk cooldown, slowed, very slow
A: retaliatory headbutt, horns 2, clarity, poison resistance, subdued magic 1
}: 1/15 runes: gossamer
a: Berserk, Trog's Hand, Brothers in Arms, Burn Spellbooks, Renounce Religion,
Evoke Invisibility


You were on level 2 of the Shoals.
You worshipped Trog.
Trog was exalted by your worship.
You were hungry.

You visited 6 branches of the dungeon, and saw 30 of its levels.
You also visited: Labyrinth.

You collected 2888 gold pieces.
You spent 1417 gold pieces at shops.

Inventory:

Hand Weapons
 u - a +1 demon whip of flaming (weapon)
 M - a +6 eveningstar of electrocution
Missiles
 g - 5 silver tomahawks (quivered)
Armour
 k - a +2 cloak (worn)
 q - a +1 large shield of cold resistance (worn)
 B - a +3 plate armour of positive energy (worn)
 N - the +0 ring mail "Femuaz Xop" {rN++ Int+2}
   (You bought it in a shop on level 2 of the Orcish Mines)

   It affects your intelligence (+2).
   It greatly protects you from negative energy.
 S - a +0 pair of boots (worn)
 U - a +1 chain mail of fire resistance
 Y - a +0 pair of gloves of archery (worn)
Jewellery
 i - an amulet of magic regeneration (around neck)
 v - an uncursed ring of poison resistance
 w - an uncursed ring of resist corrosion
 y - the ring "Zelitaff" (right hand) {*Drain +Inv rElec rF+ rC+}
   (You found it on level 7 of the Dungeon)

   [ring of protection from fire]

   It protects you from fire.
   It protects you from cold.
   It insulates you from electricity.
   It lets you turn invisible.
   It causes draining when unequipped.
 E - an uncursed ring of protection from fire
 F - an uncursed ring of protection from fire
 O - a +6 ring of evasion (left hand)
 P - the ring "Eplefaoli" {rCorr *Corrode +Blink MP+9 Str-5}
   (You found it in a labyrinth)

   [ring of resist corrosion]

   It affects your strength (-5).
   It affects your magic capacity (+9).
   It lets you blink.
   It may corrode you when you take damage.
 Q - the ring "Ceata" {Ice +Inv rElec Str+6 Dex-4}
   (You found it in a labyrinth)

   [ring of ice]

   It enhances your ice magic.
   It affects your strength (+6).
   It affects your dexterity (-4).
   It makes you vulnerable to fire.
   It protects you from cold.
   It insulates you from electricity.
   It lets you turn invisible.
 V - an uncursed ring of flight
Scrolls
 j - 12 scrolls of remove curse
 l - 19 scrolls of teleportation
 m - 9 scrolls of identify
 s - 10 scrolls of enchant armour
 H - a scroll of fear
 K - 4 scrolls of magic mapping
 L - a scroll of silence
 T - a scroll of fog
Potions
 a - 3 potions of flight
 b - 7 potions of curing
 d - 3 potions of might
 e - 4 potions of brilliance
 h - a potion of resistance
 o - 2 potions of invisibility
 p - a potion of berserk rage
 t - 6 potions of heal wounds
 z - 2 potions of haste
 A - a potion of magic
 C - 4 potions of ambrosia
 I - 2 potions of agility
Comestibles
 f - 37 rations


   Skills:
 * Level 15.3 Fighting
 * Level 16.6 Maces & Flails
 - Level 2.1 Throwing
 * Level 15.3 Armour
 * Level 12.1 Dodging
 * Level 21.8 Shields
 + Level 0.1 Evocations


You had 16 spell levels left.
You didn't know any spells.

Dungeon Overview and Level Annotations

Branches:
Dungeon (15/15)            Temple (1/1) D:4            Lair (6/6) D:9
 Shoals (2/4) Lair:4       Spider (4/4) Lair:4        Slime (0/5) Lair:6
    Orc (2/2) D:11            Elf (0/3) Orc:2        Vaults (0/5) D:14
 Depths (0/5) D:15

Altars:
Ashenzari
Cheibriados
Dithmenos
Elyvilon
Fedhas
Gozag
Hepliaklqana
Kikubaaqudgha
Makhleb
Nemelex Xobeh
Okawaru
Qazlal
Ru
Sif Muna
Trog
Uskayaw
Vehumet
Wu Jian
Xom
Yredelemnul
Zin
The Shining One
Jiyva

Shops:
D:7 !*[!   Orc:2 **=[?

Portals:
Trove: D:10 (give 18 scrolls of identify)

Annotations:
D:9 exclusion: statue
Lair:6 exclusion: 4 oklob plants


Innate Abilities, Weirdness & Mutations

You reflexively headbutt those who attack you in melee.
You have a pair of horns on your head.
You possess an exceptional clarity of mind.
Your system is resistant to poisons. (rPois)
Your spells are a little easier to cast, but a little less powerful.


Message History

You are unaffected.
You block the drowned soul's attack.
You closely miss the drowned soul. You block the drowned soul's attack.
Unknown command.
You closely miss the drowned soul. You block the drowned soul's attack.
You whack the drowned soul! You burn the drowned soul.
The drowned soul is almost destroyed.
The drowned soul touches you. The drowned soul drowns you!
* * * LOW HITPOINT WARNING * * *
The merfolk avatar chants a haunting song.
You are unaffected.
The merfolk avatar chants a haunting song.
You are unaffected.
Saving game... please wait.
Welcome back, Lennu the Minotaur Fighter.
Trog says: Kill them all!
Press ? for a list of commands and other information.
Autopickup is now off.
Autopickup is now on.
Unknown command.
Are you sure you want to abandon this character and quit the game? (Confirm with "yes".)

.≈..(≈..≈≈≈≈≈≈≈≈≈≈≈≈≈PP≈
..........≈≈≈≈≈≈≈≈≈P≈PPP
....?.....≈≈≈≈≈≈P≈P≈≈PP.≈
......#...≈≈≈≈≈≈m≈≈≈P≈≈≈≈≈
....####.p..≈≈≈≈≈≈≈≈≈≈≈≈P≈
....####.)..≈..≈≈≈≈≈≈≈≈≈PP
#..........≈≈....≈≈≈P≈≈≈P≈
##..)..##...#.#.W†≈≈≈P...
..... #...####@.≈≈≈≈## .≈≈
.... ##.....##.≈≈P.###.≈≈≈
#......#.>......≈≈.≈..≈≈≈≈≈
#.........≈...≈≈p≈p≈≈.≈≈≈≈≈
...........≈≈≈(..≈≈≈≈≈≈≈≈
#........##..≈≈≈.≈≈≈≈≈≈≈≈≈≈
##.......###≈≈≈(≈≈≈≈≈≈≈≈≈≈≈≈
#####...≈..≈()(.≈≈≈≈≈≈≈≈≈≈≈
#.≈.≈≈≈≈≈.#)[≈≈≈≈≈≈≈≈≈≈≈


You could see a merfolk avatar, a drowned soul and 3 neutral humans.

Vanquished Creatures
  Nikola (Shoals:1)
  Rupert (Orc:2)
  Kirke (Shoals:2)
  Donald (Spider:2)
  Roxanne (Spider:2)
  4 ghost moths
  4 emperor scorpions
  Louise (Shoals:1)
  3 entropy weavers
  Azrael (Orc:2)
  The ghost of Gargoyl the Envoy of Void, a journeyman CeAK of Lugonu (Lair:6)
  A spark wasp (Spider:4)
  2 ettins
  Snorg (Orc:2)
  A minotaur (Lab)
  2 merfolk impalers
  Erolcha (D:10)
  Josephine (D:11)
  2 vault guards (D:14)
  The ghost of Lennu the Blocker, a journeyman FoFi of Elyvilon (Lair:1)
  6 hydras
  3 centaur warriors
  20 two-headed ogres
  2 ogre magi
  3 catoblepae (Lair:6)
  A death yak (Lair:6)
  Urug (Lair:3)
  Nergalle (Lair:1)
  2 deep trolls (Orc:2)
  2 sea snakes
  3 unseen horrors
  2 wizards (D:14)
  The ghost of Tali the Cleaver, a novice MiFi (D:8)
  Pikel (D:6)
  A necromancer (D:14)
  9 orb spiders
  3 orc knights
  25 wolf spiders
  7 manticores
  10 ugly things
  An orc sorcerer (Orc:2)
  6 cyclopes
  2 deep elf magi (D:14)
  Maurice (D:11)
  5 slime creatures (D:15)
  A moth of wrath (Spider:4)
  A water nymph (Shoals:1)
  2 fauns
  2 elephants (Lair:4)
  5 black mambas
  3 merfolk sirens
  A centaur skeleton (D:15)
  4 molten gargoyles (D:14)
  3 gargoyles
  6 spiny frogs
  A torpor snail (Spider:4)
  3 kobold demonologists
  2 freezing wraiths
  9 komodo dragons
  11 demonic crawlers
  A queen bee (Lair:3)
  43 jumping spiders
  6 meliai
  4 merfolk
  16 trolls
  16 blink frogs
  6 polar bears
  5 hornets
  13 hippogriffs
  2 snapping turtles
  A hippogriff (shapeshifter) (D:15)
  102 redbacks
  29 tarantellas
  3 wyverns
  A shadow (D:14)
  6 wraiths
  A water elemental (Shoals:1)
  50 yaks
  A fire elemental (Orc:2)
  20 humans (D:14)
  2 hungry ghosts
  4 vampire mosquitoes (D:15)
  2 basilisks (Lair:5)
  5 wargs
  A naga (shapeshifter) (D:13)
  A soldier ant (D:13)
  6 hell hounds (Orc:2)
  13 water moccasins
  9 porcupines
  7 black bears
  5 sky beasts
  22 orc warriors
  8 ice beasts
  A hornet zombie (D:11)
  20 wolves
  31 ogres
  3 phantoms
  6 centaurs
  10 crocodiles
  Blork the orc (D:4)
  3 big kobolds
  14 bullfrogs
  A gnoll sergeant (D:12)
  4 scorpions
  25 killer bees
  5 wights (D:8)
  A howler monkey (D:6)
  5 electric eels
  4 crimson imps
  2 centaur zombies
  6 hounds
  A lava snake (D:14)
  2 jellies
  A bullfrog skeleton (D:5)
  28 orc priests
  4 iguanas
  25 orc wizards
  11 worker ants
  Robin (D:2)
  7 gnolls
  2 worker ant zombies
  16 adders
  3 shadow imps
  3 oozes
  An adder zombie (D:8)
  3 worms
  A dart slug (D:3)
  6 leopard geckos
  99 orcs
  5 giant cockroaches
  19 goblins
  3 hobgoblins
  3 jackals (D:3)
  11 kobolds
  A quokka (D:5)
  A ball python (D:5)
  6 bats
  8 frilled lizards
  A leopard gecko skeleton (D:5)
  A quokka zombie (D:9)
  9 rats
1038 creatures vanquished.

Vanquished Creatures (collateral kills)
  A ghost moth (Spider:4)
  2 emperor scorpions (Spider:4)
  An ogre mage (Orc:2)
  A two-headed ogre (Orc:2)
  3 death yaks (Lair:6)
  An orc high priest (Orc:2)
  An orc sorcerer (Orc:2)
  A troll (Orc:2)
  3 hornets (Spider:4)
  3 yaks (Lair:6)
  3 orc warriors (Orc:2)
  6 ogres (Orc:2)
  An orc wizard (Orc:2)
  An orc (Orc:2)
28 creatures vanquished.

Vanquished Creatures (others)
  A slave (D:6)
  2 fungi (Lair:1)
  13 plants
16 creatures vanquished.

Grand Total: 1082 creatures vanquished

Notes
Turn   | Place    | Note
-------+----------+-------------------------------------------
     0 | D:1      | Lennu the Minotaur Fighter began the quest for the Orb.
     0 | D:1      | Reached XP level 1. HP: 19/19 MP: 0/0
   374 | D:1      | Reached XP level 2. HP: 27/27 MP: 1/1
   527 | D:1      | Reached skill level 4 in Shields
   745 | D:1      | Reached XP level 3. HP: 33/33 MP: 2/2
  1189 | D:2      | Reached XP level 4. HP: 36/40 MP: 3/3
  1354 | D:2      | Noticed Robin
  1376 | D:2      | Killed Robin
  1692 | D:2      | Reached skill level 1 in Dodging
  1703 | D:2      | Found an iron altar of Okawaru.
  2013 | D:3      | Reached XP level 5. HP: 22/46 MP: 4/4
  2245 | D:3      | Noticed a dagger
  2247 | D:3      | Noticed a hand axe
  2254 | D:3      | Found a hide-covered altar of Uskayaw.
  2360 | D:3      | Found a stormy altar of Qazlal.
  2721 | D:3      | Reached skill level 5 in Shields
  3193 | D:4      | Reached skill level 5 in Maces & Flails
  3211 | D:4      | Reached XP level 6. HP: 28/53 MP: 5/5
  3428 | D:4      | Noticed Blork the orc
  3443 | D:4      | HP: 1/53 [something (8)]
  3448 | D:4      | Killed Blork the orc
  4019 | D:4      | Found a staircase to the Ecumenical Temple.
  4025 | Temple   | Entered the Ecumenical Temple
  4123 | Temple   | Became a worshipper of Trog the Wrathful
  4422 | D:5      | Entered Level 5 of the Dungeon
  4434 | D:5      | Noticed an ice beast
  4450 | D:4      | Reached skill level 5 in Armour
  4457 | D:4      | Killed an ice beast
  4457 | D:4      | Reached XP level 7. HP: 46/60 MP: 6/6
  4532 | D:5      | Reached skill level 5 in Fighting
  4622 | D:5      | Found a sand-covered staircase.
  4676 | D:5      | Reached skill level 6 in Shields
  5524 | D:6      | Found a shimmering altar of Xom.
  5596 | D:6      | Reached XP level 8. HP: 68/69 MP: 7/7
  5653 | D:6      | Reached * piety under Trog
  5689 | D:6      | Noticed Pikel
  5704 | D:6      | Killed Pikel
  5704 | D:6      | Reached skill level 7 in Shields
  5912 | D:6      | Found a glowing silver altar of Zin.
  5913 | D:6      | Found an opulent altar of Gozag.
  6006 | D:6      | Reached XP level 9. HP: 74/78 MP: 8/8
  6580 | D:7      | Found Xuproukk's General Store.
  6584 | D:7      | Bought a potion of heal wounds for 60 gold pieces
  6611 | D:7      | Found Sapp's Distillery.
  6666 | D:7      | Found Geutwo's Armour Boutique.
  6730 | D:7      | Got a wavering granite ring
  6734 | D:7      | Identified the ring "Zelitaff" {*Drain +Inv rElec rF+ rC+} (You found it on level 7 of the Dungeon)
  6913 | D:7      | Found Eqixt's Distillery.
  6917 | D:7      | Bought a potion of heal wounds for 65 gold pieces
  7322 | D:8      | Found a sparkling altar of Nemelex Xobeh.
  7398 | D:8      | Reached skill level 8 in Shields
  7447 | D:8      | Noticed a komodo dragon
  7453 | D:8      | Killed a komodo dragon
  7455 | D:8      | Reached skill level 10 in Maces & Flails
  7925 | D:8      | Noticed Tali's ghost (novice MiFi)
  7934 | D:8      | Killed Tali's ghost
  7934 | D:8      | Reached XP level 10. HP: 86/86 MP: 9/9
  7985 | D:8      | Noticed a two-headed ogre
  7993 | D:8      | Killed a two-headed ogre
  7993 | D:8      | Reached skill level 1 in Throwing
  7993 | D:8      | Reached skill level 5 in Dodging
  7993 | D:8      | Reached skill level 9 in Shields
  7998 | D:8      | Reached ** piety under Trog
  8375 | D:9      | Noticed a two-headed ogre
  8383 | D:9      | Killed a two-headed ogre
  8650 | D:9      | Noticed a two-headed ogre
  8659 | D:9      | Killed a two-headed ogre
  8659 | D:9      | Reached skill level 10 in Shields
  8772 | D:9      | Found an ornate altar of the Wu Jian Council.
  8774 | D:9      | Noticed a two-headed ogre
  8787 | D:9      | Killed a two-headed ogre
  8787 | D:9      | Reached XP level 11. HP: 86/95 MP: 10/10
  8896 | D:9      | Found a staircase to the Lair.
  9242 | D:9      | Found a blossoming altar of Fedhas.
  9242 | D:9      | Found a white marble altar of Elyvilon.
  9282 | D:9      | Found a radiant altar of Vehumet.
  9376 | D:9      | Found a burning altar of Makhleb.
  9385 | D:9      | Found a shimmering altar of Xom.
  9388 | D:9      | Found a deep blue altar of Sif Muna.
  9483 | Lair:1   | Entered Level 1 of the Lair of Beasts
  9487 | Lair:1   | Noticed Lennu's ghost (journeyman FoFi)
  9511 | Lair:1   | Killed Lennu's ghost
  9517 | Lair:1   | Reached *** piety under Trog
  9697 | Lair:1   | Reached skill level 10 in Armour
  9740 | Lair:1   | Reached skill level 11 in Shields
  9897 | Lair:1   | Noticed Nergalle
  9920 | Lair:1   | Noticed a spectral orc warlord
 10716 | Lair:1   | Received a gift from Trog
 10957 | Lair:1   | Killed Nergalle
 11361 | Lair:2   | Found the +9 staff of Wucad Mu {channel}
 11377 | Lair:2   | Reached skill level 12 in Shields
 11868 | Lair:3   | Reached XP level 12. HP: 102/106 MP: 11/11
 12025 | Lair:3   | Noticed Urug
 12039 | Lair:3   | Killed Urug
 12039 | Lair:3   | Reached skill level 10 in Fighting
 12214 | Lair:3   | Gained mutation: You have large cloven feet. [potion of mutation]
 12214 | Lair:3   | Gained mutation: You have a pair of large horns on your head. [potion of mutation]
 12468 | Lair:3   | Noticed a seven-headed hydra
 12481 | Lair:3   | Killed a seven-headed hydra
 12481 | Lair:3   | Reached skill level 13 in Shields
 12657 | Lair:3   | Reached **** piety under Trog
 12663 | Lair:3   | Received a gift from Trog
 12936 | Lair:4   | Noticed a seven-headed hydra
 12951 | Lair:4   | Killed a seven-headed hydra
 13185 | Lair:4   | Found a labyrinth entrance.
 13200 | Lab      | Entered a labyrinth
 13269 | Lab      | Found an exit through the horrors of the Abyss.
 13362 | Lab      | Noticed a minotaur
 13390 | Lab      | Killed a minotaur
 13398 | Lab      | Got an ancient iron ring
 13398 | Lab      | Got a glittering wooden ring
 13412 | Lair:4   | Identified the ring "Eplefaoli" {rCorr *Corrode +Blink MP+9 Str-5} (You found it in a labyrinth)
 13414 | Lair:4   | Identified the ring "Ceata" {Ice +Inv rElec Str+6 Dex-4} (You found it in a labyrinth)
 13770 | Lair:4   | Reached skill level 14 in Shields
 13822 | Lair:4   | Noticed a five-headed hydra
 13839 | Lair:4   | Killed a five-headed hydra
 14024 | Lair:4   | Noticed an eight-headed hydra
 14028 | Lair:4   | Killed an eight-headed hydra
 14028 | Lair:4   | Reached XP level 13. HP: 93/115 MP: 12/12
 14129 | Lair:4   | Found a hole to the Spider Nest.
 14415 | Lair:4   | Found a staircase to the Shoals.
 14612 | D:10     | Entered Level 10 of the Dungeon
 14721 | D:10     | Noticed Erolcha
 14732 | D:10     | Killed Erolcha
 15103 | D:10     | Found a portal to a secret trove of treasure.
 15366 | D:11     | Noticed Maurice
 15377 | D:11     | Killed Maurice
 15468 | D:11     | Noticed Josephine
 15502 | D:11     | Killed Josephine
 15706 | D:11     | Lost mutation: You have a pair of large horns on your head. [potion of mutation]
 15706 | D:11     | Lost mutation: You have large cloven feet. [potion of mutation]
 15706 | D:11     | Gained mutation: Your system is resistant to poisons. (rPois) [potion of mutation]
 15706 | D:11     | Gained mutation: Your spells are a little easier to cast, but a little less powerful. [potion of mutation]
 15706 | D:11     | Gained mutation: You possess an exceptional clarity of mind. [potion of mutation]
 16020 | D:11     | Reached skill level 15 in Shields
 16026 | D:11     | Found a staircase to the Orcish Mines.
 17264 | D:12     | Reached ***** piety under Trog
 17618 | D:12     | Found an ancient bone altar of Kikubaaqudgha.
 17648 | D:12     | Received a gift from Trog
 18296 | D:13     | Found a glowing golden altar of the Shining One.
 18815 | D:14     | Reached skill level 16 in Shields
 18815 | D:14     | Reached XP level 14. HP: 126/126 MP: 13/13
 19117 | D:14     | Received a gift from Trog
 19242 | D:14     | Found a gate to the Vaults.
 19288 | D:14     | Received a gift from Trog
 20275 | D:15     | Entered Level 15 of the Dungeon
 20320 | D:15     | Reached skill level 17 in Shields
 20393 | D:15     | Received a gift from Trog
 20451 | D:15     | Reached skill level 10 in Dodging
 20546 | D:15     | Identified a scroll of acquirement
 20623 | D:15     | Found a staircase to the Depths.
 22218 | Orc:1    | Entered Level 1 of the Orcish Mines
 22230 | Orc:1    | Reached XP level 15. HP: 136/136 MP: 14/14
 22717 | Orc:1    | Received a gift from Trog
 22917 | Orc:2    | Entered Level 2 of the Orcish Mines
 22930 | Orc:2    | Noticed Snorg
 22954 | Orc:2    | Killed Snorg
 22995 | Orc:2    | Noticed Rupert
 23323 | Orc:1    | You fall through a shaft!
 23323 | Orc:2    | Found Saff's Magic Scroll Shoppe.
 23345 | Orc:2    | Bought a scroll of enchant armour for 120 gold pieces
 23345 | Orc:2    | Bought a scroll of identify for 32 gold pieces
 23345 | Orc:2    | Bought a scroll of brand weapon for 320 gold pieces
 23345 | Orc:2    | Bought a scroll of enchant weapon for 120 gold pieces
 23345 | Orc:2    | Bought a scroll of identify for 32 gold pieces
 23345 | Orc:2    | Bought a scroll of enchant armour for 120 gold pieces
 23345 | Orc:2    | Bought a scroll of enchant weapon for 120 gold pieces
 23345 | Orc:2    | Bought a scroll of identify for 32 gold pieces
 23373 | Orc:2    | Noticed Azrael
 23392 | Orc:2    | Reached skill level 18 in Shields
 23401 | Orc:2    | Killed Azrael
 23480 | Orc:2    | Killed Rupert
 23503 | Orc:2    | Found Hieheptu's Antique Armour Shoppe.
 23503 | Orc:2    | Found Jallutu's Jewellery Boutique.
 23899 | Orc:2    | Paralysed by an ogre mage for 5 turns
 24157 | Orc:2    | Found a staircase to the Elven Halls.
 24242 | Orc:2    | Found Niomig's General Store.
 24275 | Orc:2    | Found Fitaamam's General Store.
 24596 | Orc:2    | Bought a runed large shield for 180 gold pieces
 24596 | Orc:2    | Bought a twisted ring mail for 216 gold pieces
 24607 | Orc:2    | Identified the +0 ring mail "Femuaz Xop" {rN++ Int+2} (You bought it in a shop on level 2 of the Orcish Mines)
 25278 | Lair:5   | Reached ****** piety under Trog
 25289 | Lair:5   | Reached skill level 19 in Shields
 25335 | Lair:5   | Received a gift from Trog
 25595 | Lair:6   | Entered Level 6 of the Lair of Beasts
 26315 | Lair:6   | Noticed Gargoyl's ghost (journeyman CeAK)
 26635 | Lair:6   | Found a staircase to the Slime Pits.
 26636 | Lair:6   | Found a viscous altar of Jiyva.
 26778 | Lair:6   | Killed Gargoyl's ghost
 26907 | Lair:6   | Reached XP level 16. HP: 52/146 MP: 15/15
 27495 | Spider:1 | Entered Level 1 of the Spider Nest
 27576 | Spider:1 | Reached skill level 15 in Maces & Flails
 27596 | Spider:1 | Received a gift from Trog
 27834 | Spider:1 | Reached skill level 20 in Shields
 28351 | Spider:1 | Received a gift from Trog
 28942 | Spider:2 | Noticed Roxanne
 28965 | Spider:2 | Killed Roxanne
 28966 | Spider:2 | Identified Roxanne's Almanac of Shape Shifting (You took it off Roxanne on level 2 of the Spider Nest)
 29324 | Spider:2 | Noticed Donald
 29337 | Spider:2 | Killed Donald
 29765 | Spider:3 | Received a gift from Trog
 29823 | Spider:3 | Received a gift from Trog
 30511 | Spider:4 | Entered Level 4 of the Spider Nest
 30819 | Spider:4 | Reached XP level 17. HP: 145/154 MP: 16/16
 30922 | Spider:4 | Reached skill level 21 in Shields
 31274 | Spider:4 | Reached skill level 15 in Armour
 31313 | Spider:4 | Reached skill level 15 in Fighting
 31368 | Spider:4 | Received a gift from Trog
 31726 | Spider:4 | Got a gossamer rune of Zot
 32305 | Shoals:1 | Entered Level 1 of the Shoals
 32594 | Shoals:1 | Noticed Louise
 32616 | Shoals:1 | Killed Louise
 32781 | Shoals:1 | Noticed Nikola
 32802 | Shoals:1 | Killed Nikola
 33258 | Shoals:2 | Noticed Kirke
 33335 | Shoals:2 | Killed Kirke
 33357 | Shoals:2 | Quit the game

Skill      XL: |  1  2  3  4  5  6  7  8  9 10 11 12 13 14 15 16 17 |
---------------+----------------------------------------------------+-----
Shields        | 4 5 6 7 8 10 12 14 16 17 19 20 21 | 21.8
Armour         | 4 5 6 8 9 10 11 12 13 14 15 | 15.3
Maces & Flails | 3 4 5 6 7 9 10 11 12 13 14 16 | 16.6
Fighting       | 4 5 6 7 8 9 10 12 13 14 15 | 15.3
Dodging        | 1 2 3 4 6 7 8 9 10 11 12 | 12.1
Throwing       | 2 |  2.1
Evocations     | |  0.1

Action                   |  1- 3 |  4- 6 |  7- 9 | 10-12 | 13-15 | 16-18 || total
-------------------------+-------+-------+-------+-------+-------+-------++-------
Melee: Flail             |    89 |   160 |   136 |       |       |       ||   385
       Headbutt          |    18 |    20 |    51 |   259 |   801 |   276 ||  1425
       Whip              |       |       |   145 |   975 |  2669 |       ||  3789
       Eveningstar       |       |       |       |       |       |   477 ||   477
       Demon whip        |       |       |       |       |       |   583 ||   583
       Unarmed           |       |       |       |       |       |    10 ||    10
Throw: Tomahawk          |       |       |    10 |     6 |       |       ||    16
       Javelin           |       |       |       |     1 |       |       ||     1
Invok: Burn Spellbooks   |       |       |     1 |       |     4 |     4 ||     9
       Berserk           |       |       |     3 |    12 |    29 |    12 ||    56
       Trog's Hand       |       |       |       |     9 |    19 |    10 ||    38
       Brothers in Arms  |       |       |       |       |     2 |     1 ||     3
 Abil: Evoke Invisibilit |       |       |       |       |       |     1 ||     1
  Use: Scroll            |     2 |     8 |     1 |    10 |    13 |     8 ||    42
       Potion            |       |     7 |     2 |     7 |     2 |     2 ||    20
 Stab: Petrified         |       |       |       |       |     2 |       ||     2
       Invisible         |       |       |       |       |       |     2 ||     2
  Eat: Chunk             |     1 |     7 |     6 |    27 |    53 |    17 ||   111
       Ration            |       |     1 |     3 |     3 |     7 |     6 ||    20
Armor: Scale mail        |    31 |    63 |    74 |   237 |    66 |       ||   471
       Chain mail        |       |       |       |       |   398 |       ||   398
       Plate armour      |       |       |       |       |       |   467 ||   467
Dodge: Dodged            |    19 |    63 |    68 |   357 |  1043 |   397 ||  1947
Block: Shield            |    66 |    98 |   118 |   547 |  1030 |       ||  1859
       Large shield      |       |       |       |       |   550 |  1344 ||  1894
